 Dungeon Crawl Stone Soup version 0.21.0 (webtiles) character file.

116 Hekarica the Stinger (level 4, 0/33 HPs)
             Began as a Draconian Venom Mage on May 18, 2018.
             Killed from afar by an orc wizard (10 damage)
             ... with a puff of flame
             ... on level 3 of the Dungeon.
             The game lasted 00:26:27 (2992 turns).

Hekarica the Stinger (Draconian Venom Mage)         Turns: 2992, Time: 00:26:27

Health: 0/33       AC:  5    Str: 10    XL:     4   Next: 69%
Magic:  4/8        EV: 12    Int: 17    God:
Gold:   166        SH:  0    Dex: 11    Spells: 5/9 levels left

rFire    . . .     SeeInvis .   e - +1 rapier
rCold    . . .     Gourm    .   (no shield)
rNeg     . . .     Faith    .   (armour unavailable)
rPois    .         Spirit   .   (helmet restricted)
rElec    .         Reflect  .   (no cloak)
rCorr    .         Harm     .   (no gloves)
MR       .....                  (no boots)
Stlth    ++........             (no amulet)
HPRegen  0.11/turn              (no ring)
MPRegen  0.11/turn              (no ring)

@: no status effects
A: unfitting armour, cold-blooded, AC +5
a: no special abilities


You were on level 3 of the Dungeon.
You were hungry.

You visited 1 branch of the dungeon, and saw 3 of its levels.

You collected 166 gold pieces.

Inventory:

Hand Weapons
 e - a +1 rapier (weapon)
Scrolls
 d - 2 scrolls of identify
Books
 a - a Young Poisoner's Handbook

   Spells                             Type                      Level
   a - Sting                          Conjuration/Poison           1
   b - Poisonous Vapours              Poison/Air                   2
   c - Mephitic Cloud                 Conjuration/Poison/Air       3
   d - Olgreb's Toxic Radiance        Poison                       4
   e - Venom Bolt                     Conjuration/Poison           5
Comestibles
 b - 5 rations


   Skills:
 - Level 0.4 Short Blades
 + Level 2.3 Dodging
 + Level 2.4 Stealth
 - Level 0.2 Unarmed Combat
 + Level 3.0 Spellcasting
 * Level 2.1 Conjurations
 * Level 1.2 Air Magic
 - Level 3.0 Poison Magic


You had 5 spell levels left.
You knew the following spells:

 Your Spells              Type           Power        Failure   Level  Hunger
a - Sting                 Conj/Pois      ##..         6%          1    None
b - Mephitic Cloud        Conj/Pois/Air  #.......     22%         3    ###....


Dungeon Overview and Level Annotations

Branches:
Dungeon (3/15)

Altars:
Gozag
Okawaru
Trog
Zin


Innate Abilities, Weirdness & Mutations

Your plain brown scales are hard. (AC +5)
You cannot fit into any form of body armour.
You are cold-blooded and may be slowed by cold attacks.


Message History

You miss something. Something hits you.
Your magical contamination has completely faded away.
You puncture something!
Reactivating autopickup.
Your Conjurations skill increases to level 2!
Your Air Magic skill increases to level 1!
You feel a bit more experienced.
You hit the kobold.
You kill the kobold!
Deactivating autopickup; reactivate with Ctrl-A.
You hit something. Something hits you but does no damage.
You miss something. Something hits you but does no damage.
You miss something. Something hits you but does no damage.
You closely miss something. You tail-slap something. Something hits you.
You miss something. Something hits you. Something hits you but does no damage.
You barely miss something.
You hear some strange, mumbled words.
A puff of flame appears from out of thin air!
The puff of flame hits you!
You die...

#.# ###...######## #.#
#..........# #.#
######...†......# #.#
#....#..........#
#.###.##.############
#.....##.#############
#####.##......†......###
###################.....
#.[(.({@.........##.....
######.##############.##.....
#.o....# #.........#
...o......# #.#.#####.#
...#.....## #.#.. .# .
#.....# # #.# . #.....# ### .
#.....# #.....#


There were no monsters in sight!

Vanquished Creatures
  An orc wizard (D:3)
  2 adders
  2 oozes (D:3)
  A worm (D:2)
  2 dart slugs (D:1)
  2 leopard geckos
  2 orcs (D:3)
  3 giant cockroaches
  4 goblins
  5 hobgoblins
  7 jackals (D:2)
  2 quokkas (D:2)
  4 bats
  4 frilled lizards
  7 kobolds
  6 rats
54 creatures vanquished.

Notes
Turn   | Place    | Note
-------+----------+-------------------------------------------
     0 | D:1      | Hekarica the Draconian Venom Mage began the quest for the Orb.
     0 | D:1      | Reached XP level 1. HP: 14/14 MP: 3/3
   585 | D:1      | Reached XP level 2. HP: 20/20 MP: 5/5
  1355 | D:1      | Reached XP level 3. HP: 26/26 MP: 6/6
  1446 | D:2      | Learned a level 3 spell: Mephitic Cloud
  1507 | D:2      | Found a bloodstained altar of Trog.
  1580 | D:2      | Found an iron altar of Okawaru.
  2363 | D:2      | Learned a level 1 spell: Sting
  2382 | D:2      | Found an opulent altar of Gozag.
  2383 | D:2      | Found a glowing silver altar of Zin.
  2623 | D:3      | Reached XP level 4. HP: 33/33 MP: 3/8
  2985 | D:3      | Reached skill level 1 in Air Magic
  2992 | D:3      | Killed from afar by an orc wizard

Skill      XL: |  1  2  3  4 |
---------------+-------------+-----
Dodging        | 2 |  2.3
Stealth        | 2 |  2.4
Spellcasting   | 3 |  3.0
Conjurations   | 2 |  2.1
Air Magic      | 1 |  1.2
Short Blades   | |  0.4
Unarmed Combat | |  0.2
Poison Magic   | |  3.0

Action                   |  1- 3 |  4- 6 || total
-------------------------+-------+-------++-------
Melee: Unarmed           |    17 |       ||    17
       Dagger            |   131 |       ||   131
       Tailslap          |    11 |     8 ||    19
       Punch             |     1 |       ||     1
       Rapier            |    17 |    55 ||    72
 Cast: Sting             |    46 |     4 ||    50
       Mephitic Cloud    |       |     1 ||     1
  Use: Scroll            |     9 |       ||     9
       Potion            |     1 |       ||     1
 Stab: Sleeping          |     5 |       ||     5
  Eat: Ration            |     2 |       ||     2
Armor: Skin              |    55 |    23 ||    78
Dodge: Dodged            |    81 |    22 ||   103
